Gangsters vs Inferno
(R1)
Created - 24 novembre 2012 at 19:35
Goals
|
| Gangsters |
1 |
4 |
1 |
6 |
| Inferno |
2 |
2 |
0 |
4 |
|
Shots
|
| Gangsters |
7 |
15 |
11 |
33 |
| Inferno |
10 |
13 |
6 |
29 |
|
1st period
1. Gangsters , Dave Steckel 3 (Tim Jackman) at 3:19
2. Inferno , Brad Marchand 4 (Branko Radivojevic, Brian Boyle) at 8:52
3. Inferno , Brian Boyle 1 (Branko Radivojevic, Erik Johnson) at 14:30 (PP)
Penalties :
Stephane Veilleux (Anc) for Hooking (Minor) at 9:35, Chris Bourque (Bro) for Hooking (Minor) at 14:14, Jaroslav Balastik (Bro) for High sticking (Minor) at 14:39
2nd period
4. Inferno , Jonathan Ferland 4 (Kyle Greentree) at 1:01 (PP)
5. Gangsters , Jaroslav Balastik 2 (Patric Hornqvist) at 9:49
6. Inferno , Pierre-Luc Létourneau 1 (Erik Johnson, Derek Meech) at 11:14
7. Gangsters , Patric Hornqvist 5 (Byron Ritchie, Jaroslav Balastik) at 11:30
8. Gangsters , Jaroslav Balastik 3 (Byron Ritchie, Patric Hornqvist) at 16:12 (PP)
9. Gangsters , James Van Riemsdyk 2 (Artem Anisimov) at 19:13
Penalties :
Alexei Emelin (Bro) for High sticking (Minor) at 0:34, Brad Marchand (Anc) for Hooking (Minor) at 11:43, Brendan Smith (Anc) for High sticking (Minor) at 14:55, Brian Boyle (Anc) for Hooking (Minor) at 19:44
3rd period
10. Gangsters , Byron Ritchie 3 (Patric Hornqvist, Jaroslav Balastik) at 19:49
Penalties :
Jozef Balej (Anc) for Holding (Minor) at 2:01, Ryan Keller (Bro) for High sticking (Minor) at 2:01, Brad Marchand (Anc) for Roughing (Minor) at 4:53, Igor Radulov (Bro) for Roughing (Minor) at 8:37, Dave Steckel (Bro) for Tripping (Minor) at 12:45
Goalie Stats
David LeNeveu (Bro), 25 saves from 29 shots - (0,862), W, 1-0-0, 60:00 minutes
Josh Harding (Anc), 27 saves from 33 shots - (0,818), L, 0-3-2, 60:00 minutes
Players Stats for Gangsters
Player Name G A P +/- PIM S H SB GA TA FO MP PP MP PK MP
------------------------------------------------------------------------------------
Alexandre Bolduc 0 0 0 -1 0 3 0 0 0 0 5/8 10:43 0:00 1:06
Alexei Emelin 0 0 0 -1 2 2 0 1 0 0 0/0 20:19 4:42 2:21
Artem Anisimov 0 1 1 0 0 2 0 0 0 0 2/3 7:22 0:00 0:00
Brandon Sutter 0 0 0 0 0 0 0 0 0 0 0/0 0:07 0:00 0:07
Brock Bradford 0 0 0 0 0 0 0 0 0 0 0/0 0:00 0:00 0:00
Bryan Young 0 0 0 1 0 0 0 0 0 0 0/0 4:01 0:00 0:00
Byron Ritchie 1 2 3 3 0 4 0 0 1 0 8/23 20:30 5:18 1:41
Chris Bourque 0 0 0 -1 2 2 2 1 0 1 1/1 11:59 0:13 0:56
Dave Steckel 1 0 1 1 2 3 0 0 0 0 4/9 15:48 3:32 1:00
Igor Radulov 0 0 0 1 2 0 0 0 1 1 0/0 14:16 3:32 0:07
James Van Riemsdyk 1 0 1 0 0 1 1 0 1 1 1/1 10:40 0:00 1:49
Jaroslav Balastik 2 2 4 3 2 5 3 0 0 0 1/2 23:05 5:35 2:49
Jim Vandermeer 0 0 0 1 0 0 0 0 0 0 0/0 9:02 0:00 0:00
Josh Gorges 0 0 0 2 0 1 2 0 0 0 0/0 26:37 4:31 4:19
Mike Commodore 0 0 0 -1 0 0 0 2 0 0 0/0 20:20 4:42 2:21
Mikko Lehtonen 0 0 0 0 0 0 0 0 0 0 0/0 0:38 0:03 0:00
Nick Foligno 0 0 0 0 0 0 0 0 0 0 0/0 0:00 0:00 0:00
Patric Hornqvist 1 3 4 3 0 9 4 0 1 0 3/8 23:53 5:28 3:45
Ryan Jones 0 0 0 0 0 1 1 0 0 0 0/0 7:22 0:00 0:00
Ryan Keller 0 0 0 -1 2 0 0 0 0 0 1/1 10:45 0:26 0:00
Shaun Heska 0 0 0 1 0 0 0 0 0 0 0/0 4:01 0:00 0:00
Staffan Kronwall 0 0 0 2 0 0 3 1 0 0 0/0 26:37 4:31 4:19
Tim Jackman 0 1 1 1 0 0 2 1 0 0 0/0 14:08 3:32 0:00
Ville Koistinen 0 0 0 1 0 0 0 0 0 0 0/0 9:02 0:00 0:00
Players Stats for Inferno
Player Name G A P +/- PIM S H SB GA TA FO MP PP MP PK MP
------------------------------------------------------------------------------------
Andrej Sekera 0 0 0 -3 0 1 1 0 0 1 0/0 20:13 2:08 2:59
Brad Marchand 1 0 1 -2 4 5 1 0 0 1 2/2 18:01 3:32 1:30
Branko Radivojevic 0 2 2 -2 0 3 2 0 0 0 1/1 17:12 3:33 0:00
Brendan Mikkelson 0 0 0 -2 0 1 3 0 0 0 0/0 18:54 2:08 2:59
Brendan Smith 0 0 0 -1 2 0 2 3 0 0 0/0 12:28 0:00 0:00
Brett Carson 0 0 0 -1 0 0 0 2 0 1 0/0 12:29 0:00 0:00
Brian Boyle 1 1 2 -2 2 2 1 0 0 0 18/28 21:48 3:32 4:08
Derek Meech 0 1 1 0 0 1 5 5 0 0 0/0 28:37 4:32 6:14
Erik Johnson 0 2 2 1 0 1 2 5 0 0 0/0 27:18 4:32 6:14
Jake Dowell 0 0 0 0 0 0 0 1 0 0 2/4 10:03 0:00 1:32
Jonathan Ferland 1 0 1 0 0 3 1 0 1 0 0/0 20:00 3:06 5:27
Jozef Balej 0 0 0 -1 2 2 1 1 0 0 1/1 10:36 0:02 0:00
Kyle Greentree 0 1 1 0 0 2 1 0 0 0 1/2 14:14 3:06 1:00
Petri Kontiola 0 0 0 0 0 2 1 0 0 0 2/8 13:30 3:06 0:00
Pierre-Luc Létourneau 1 0 1 0 0 3 0 0 0 0 0/0 8:11 0:00 0:00
Stephane Veilleux 0 0 0 -1 2 3 1 1 1 1 1/5 14:19 0:02 2:27
Vladimir Sobotka 0 0 0 -1 0 0 3 0 0 0 2/4 11:52 0:00 2:22
Vladimir Zharkov 0 0 0 0 0 0 2 0 1 0 0/1 8:57 0:01 0:00
3 Stars
1 - Patric Hornqvist (Bro)
2 - Jaroslav Balastik (Bro)
3 - Byron Ritchie (Bro)
Power Play
Gangsters - 1 on 5 Attempt(s) - 20,00%
Inferno - 2 on 5 Attempt(s) - 40,00%
Penalty Kill
Gangsters - 3 on 5 Attempt(s) - 60,00%
- Score 0 goal in Penalty Kill
Inferno - 4 on 5 Attempt(s) - 80,00%
- Score 0 goal in Penalty Kill
Official
Referees : Dwyer Gord and Kowal Tom
Linesman : Jonny Murray and Mark Wheler
Game Notes
No Game Note
Gangsters
5 vs 5 Forward
Center Left Wing Right Wing Time % Phy DF OF
1 Byron Ritchie Jaroslav Balastik Patric Hornqvist 40 1 2 2
2 Dave Steckel Igor Radulov Tim Jackman 30 1 2 2
3 Alexandre Bolduc Chris Bourque Ryan Keller 20 1 2 2
4 Artem Anisimov James Van Riemsdyk Ryan Jones 10 1 2 2
5 vs 5 Defense
Defense Defense Time % Phy DF OF
1 Staffan Kronwall Josh Gorges 40 1 2 2
2 Mike Commodore Alexei Emelin 30 1 2 2
3 Ville Koistinen Jim Vandermeer 20 1 2 2
4 Shaun Heska Bryan Young 10 1 2 2
PowerPlay Forward
Center Left Wing Right Wing Time % Phy DF OF
1 Byron Ritchie Jaroslav Balastik Patric Hornqvist 60 1 2 2
2 Dave Steckel Igor Radulov Tim Jackman 40 1 2 2
PowerPlay Defense
Defense Defense Time % Phy DF OF
1 Staffan Kronwall Josh Gorges 60 1 2 2
2 Mike Commodore Alexei Emelin 40 1 2 2
Penalty Kill 4 Players Forward
Center Wing Time % Phy DF OF
1 Patric Hornqvist Jaroslav Balastik 60 1 2 2
2 Byron Ritchie Dave Steckel 40 1 2 2
Penalty Kill 4 Players Defense
Defense Defense Time % Phy DF OF
1 Staffan Kronwall Josh Gorges 60 1 2 2
2 Mike Commodore Alexei Emelin 40 1 2 2
Penalty Kill - 3 Players Forward
Forward Time % Phy DF OF
1 Patric Hornqvist 60 1 2 2
2 Jaroslav Balastik 40 1 2 2
Penalty Kill - 3 Players Defense
Defense Defense Time % Phy DF OF
1 Staffan Kronwall Josh Gorges 60 1 2 2
2 Mike Commodore Alexei Emelin 40 1 2 2
4 vs 4 Forward
Center Wing Time % Phy DF OF
1 Patric Hornqvist Jaroslav Balastik 60 1 2 2
2 Byron Ritchie Dave Steckel 40 1 2 2
4 vs 4 Defense
Defense Defense Time % Phy DF OF
1 Staffan Kronwall Josh Gorges 60 1 2 2
2 Mike Commodore Alexei Emelin 40 1 2 2
Last Minutes Offensive
Center Left Wing Right Wing Defense Defense
Byron Ritchie Jaroslav Balastik Patric Hornqvist Staffan Kronwall Josh Gorges
Last Minutes Defensive
Center Left Wing Right Wing Defense Defense
Byron Ritchie Jaroslav Balastik Patric Hornqvist Staffan Kronwall Josh Gorges
Goaltenders
Starting : David LeNeveu
Backup : Steve Valiquette
Extra Forwards
Normal : Ryan Keller, Chris Bourque, James Van Riemsdyk - PP : Ryan Keller, Chris Bourque - PK : James Van Riemsdyk
Extra Defensemen
Normal : Ville Koistinen, Jim Vandermeer, Shaun Heska - PP : Ville Koistinen - PK : Jim Vandermeer, Shaun Heska
Penalty Shots
Patric Hornqvist, Jaroslav Balastik, Byron Ritchie, Dave Steckel, Tim Jackman
Inferno
5 vs 5 Forward
Center Left Wing Right Wing Time % Phy DF OF
1 Brian Boyle Brad Marchand Branko Radivojevic 40 1 2 2
2 Petri Kontiola Kyle Greentree Jonathan Ferland 30 1 2 2
3 Vladimir Sobotka Stephane Veilleux Jozef Balej 20 1 2 2
4 Jake Dowell Pierre-Luc Létourneau Vladimir Zharkov 10 2 2 1
5 vs 5 Defense
Defense Defense Time % Phy DF OF
1 Derek Meech Erik Johnson 40 1 3 1
2 Brendan Mikkelson Andrej Sekera 30 1 3 1
3 Brendan Smith Brett Carson 20 1 3 1
4 Derek Meech Andrej Sekera 10 1 3 1
PowerPlay Forward
Center Left Wing Right Wing Time % Phy DF OF
1 Brian Boyle Brad Marchand Branko Radivojevic 60 1 1 3
2 Petri Kontiola Kyle Greentree Jonathan Ferland 40 1 1 3
PowerPlay Defense
Defense Defense Time % Phy DF OF
1 Derek Meech Erik Johnson 60 1 2 2
2 Brendan Mikkelson Andrej Sekera 40 1 2 2
Penalty Kill 4 Players Forward
Center Wing Time % Phy DF OF
1 Brian Boyle Jonathan Ferland 60 1 3 1
2 Vladimir Sobotka Brad Marchand 40 2 3 0
Penalty Kill 4 Players Defense
Defense Defense Time % Phy DF OF
1 Derek Meech Erik Johnson 60 1 3 1
2 Brendan Mikkelson Andrej Sekera 40 1 3 1
Penalty Kill - 3 Players Forward
Forward Time % Phy DF OF
1 Brian Boyle 60 1 3 1
2 Vladimir Sobotka 40 1 3 1
Penalty Kill - 3 Players Defense
Defense Defense Time % Phy DF OF
1 Derek Meech Erik Johnson 60 1 3 1
2 Brendan Mikkelson Andrej Sekera 40 1 3 1
4 vs 4 Forward
Center Wing Time % Phy DF OF
1 Brian Boyle Branko Radivojevic 60 1 2 2
2 Petri Kontiola Stephane Veilleux 40 1 2 2
4 vs 4 Defense
Defense Defense Time % Phy DF OF
1 Derek Meech Erik Johnson 60 1 2 2
2 Brendan Mikkelson Andrej Sekera 40 1 2 2
Last Minutes Offensive
Center Left Wing Right Wing Defense Defense
Brian Boyle Brad Marchand Branko Radivojevic Derek Meech Erik Johnson
Last Minutes Defensive
Center Left Wing Right Wing Defense Defense
Brian Boyle Stephane Veilleux Jonathan Ferland Derek Meech Erik Johnson
Goaltenders
Starting : Josh Harding
Backup : Jonathan Boutin
Extra Forwards
Normal : Jonathan Ferland, Stephane Veilleux, Jozef Balej - PP : Stephane Veilleux, Jozef Balej - PK : Stephane Veilleux
Extra Defensemen
Normal : Andrej Sekera, Brendan Mikkelson, Brendan Smith - PP : Brendan Smith - PK : Andrej Sekera, Brett Carson
Penalty Shots
Vladimir Sobotka, Jonathan Ferland, Brad Marchand, Kyle Greentree, Branko Radivojevic
% Time on Ice - Gangsters
Lines # - Real PCT - Wanted PCT - Time Play
Normal Forward
1 - 31% - 40% - 12:57
2 - 28% - 30% - 11:42
3 - 22% - 20% - 9:16
4 - 18% - 10% - 7:22
Normal Defense
1 - 38% - 40% - 15:38
2 - 31% - 30% - 12:36
3 - 22% - 20% - 9:02
4 - 10% - 10% - 4:01
PP Forward
1 - 62% - 60% - 5:41
2 - 38% - 40% - 3:32
PP Defense
1 - 49% - 60% - 4:31
2 - 51% - 40% - 4:42
PK Forward
1 - 75% - 60% - 4:59
2 - 25% - 40% - 1:41
PK Defense
1 - 65% - 60% - 4:19
2 - 35% - 40% - 2:21
PK3 Forward
1 - 0% - 60%
2 - 0% - 40%
PK3 Defense
1 - 0% - 60%
2 - 0% - 40%
44 Forward
1 - 83% - 60% - 1:39
2 - 17% - 40% - 0:20
44 Defense
1 - 66% - 60% - 1:18
2 - 34% - 40% - 0:41
Last Minute Offensive - 0:00
Last Minute Defensive - 0:51
Total
Forward - 60:00
Defense - 60:00
|
% Time on Ice - Inferno
Lines # - Real PCT - Wanted PCT - Time Play
Normal Forward
1 - 31% - 40% - 12:49
2 - 26% - 30% - 10:49
3 - 23% - 20% - 9:27
4 - 20% - 10% - 8:11
Normal Defense
1 - 38% - 40% - 15:30
2 - 31% - 30% - 12:50
3 - 28% - 20% - 11:37
4 - 3% - 10% - 1:19
PP Forward
1 - 54% - 60% - 3:34
2 - 47% - 40% - 3:06
PP Defense
1 - 68% - 60% - 4:32
2 - 32% - 40% - 2:08
PK Forward
1 - 74% - 60% - 6:51
2 - 26% - 40% - 2:22
PK Defense
1 - 68% - 60% - 6:14
2 - 32% - 40% - 2:59
PK3 Forward
1 - 0% - 60%
2 - 0% - 40%
PK3 Defense
1 - 0% - 60%
2 - 0% - 40%
44 Forward
1 - 84% - 60% - 1:40
2 - 16% - 40% - 0:19
44 Defense
1 - 52% - 60% - 1:02
2 - 48% - 40% - 0:57
Last Minute Offensive - 0:52
Last Minute Defensive - 0:00
Total
Forward - 60:00
Defense - 60:00
|
Play by Play
1st period
0:01 of 1st period - Brian Boyle wins face-off versus Byron Ritchie in neutral zone.
1:21 of 1st period - Wrist shot by Ryan Jones.
1:21 of 1st period - Stopped by Josh Harding without a rebound.
1:22 of 1st period - Brad Marchand wins face-off versus Byron Ritchie in Inferno zone.
1:29 of 1st period - Backhand shot by Brad Marchand.
1:29 of 1st period - Stopped by David LeNeveu without a rebound.
1:30 of 1st period - Brad Marchand wins face-off versus Jaroslav Balastik in Gangsters zone.
1:59 of 1st period - Ville Koistinen is hit by Petri Kontiola and loses puck.
2:24 of 1st period - Snap shot by Stephane Veilleux.
2:24 of 1st period - Stopped by David LeNeveu with a rebound.
2:34 of 1st period - Jake Dowell is hit by Ryan Jones and loses puck.
3:19 of 1st period - Snap shot by Dave Steckel.
3:19 of 1st period - Goal by Dave Steckel - Gangsters : 1 - Inferno : 0.
3:20 of 1st period - Dave Steckel wins face-off versus Petri Kontiola in neutral zone.
3:27 of 1st period - Snap shot by Dave Steckel.
3:27 of 1st period - Shot Misses the Net.
3:45 of 1st period - Branko Radivojevic is hit by Jaroslav Balastik and loses puck.
3:52 of 1st period - Snap shot by Branko Radivojevic.
3:52 of 1st period - Shot Misses the Net.
3:54 of 1st period - Backhand shot by Brad Marchand.
3:54 of 1st period - Stopped by David LeNeveu without a rebound.
3:55 of 1st period - Alexandre Bolduc wins face-off versus Kyle Greentree in Gangsters zone.
3:55 of 1st period - Alexandre Bolduc is hit by Brendan Smith.
4:21 of 1st period - Jozef Balej is hit by Patric Hornqvist and loses puck.
5:46 of 1st period - Backhand shot by Stephane Veilleux.
5:46 of 1st period - Stopped by David LeNeveu without a rebound.
5:47 of 1st period - Jozef Balej wins face-off versus Byron Ritchie in Gangsters zone.
5:58 of 1st period - Brett Carson is hit by Jaroslav Balastik and loses puck.
6:03 of 1st period - Wrist shot by Patric Hornqvist.
6:03 of 1st period - Shot Misses the Net.
6:31 of 1st period - Off-side.
6:32 of 1st period - Alexandre Bolduc wins face-off versus Petri Kontiola in neutral zone.
6:32 of 1st period - Alexandre Bolduc is hit by Kyle Greentree.
6:42 of 1st period - Petri Kontiola is hit by Chris Bourque and loses puck.
6:57 of 1st period - Derek Meech is hit by Tim Jackman and loses puck.
7:20 of 1st period - Snap shot by Patric Hornqvist.
7:20 of 1st period - Stopped by Josh Harding without a rebound.
7:21 of 1st period - Brian Boyle wins face-off versus Byron Ritchie in Inferno zone.
8:22 of 1st period - Dave Steckel is hit by Jozef Balej and loses puck.
8:38 of 1st period - Off-side.
8:39 of 1st period - Brian Boyle wins face-off versus Alexandre Bolduc in neutral zone.
8:48 of 1st period - Snap shot by Brad Marchand.
8:48 of 1st period - Shot Misses the Net.
8:50 of 1st period - Snap shot by Brad Marchand.
8:50 of 1st period - Stopped by David LeNeveu with a rebound.
8:52 of 1st period - Snap shot by Brad Marchand.
8:52 of 1st period - Deflect By Josh Gorges.
8:52 of 1st period - Goal by Brad Marchand - Gangsters : 1 - Inferno : 1.
8:53 of 1st period - Patric Hornqvist wins face-off versus Brian Boyle in neutral zone.
9:26 of 1st period - Snap shot by Patric Hornqvist.
9:26 of 1st period - Shot Misses the Net.
9:28 of 1st period - Slapshot by Jaroslav Balastik.
9:28 of 1st period - Shot Blocked by Brett Carson.
9:30 of 1st period - Snap shot by Patric Hornqvist.
9:30 of 1st period - Shot Blocked by Brendan Smith.
9:32 of 1st period - Slapshot by Staffan Kronwall.
9:32 of 1st period - Shot Blocked by Brett Carson.
9:34 of 1st period - Wrist shot by Byron Ritchie.
9:34 of 1st period - Stopped by Josh Harding with a rebound.
9:35 of 1st period - Minor Penalty to Stephane Veilleux for Hooking.
9:36 of 1st period - Brian Boyle wins face-off versus Dave Steckel in Inferno zone.
9:47 of 1st period - Snap shot by Jonathan Ferland.
9:47 of 1st period - Stopped by David LeNeveu with a rebound.
11:35 of 1st period - Penalty to Stephane Veilleux is over, Stephane Veilleux is back on ice.
11:39 of 1st period - Jonathan Ferland is hit by James Van Riemsdyk and loses puck.
12:16 of 1st period - Wrist shot by Jonathan Ferland.
12:16 of 1st period - Shot Misses the Net.
12:20 of 1st period - Snap shot by Stephane Veilleux.
12:20 of 1st period - Shot Misses the Net.
12:22 of 1st period - Slapshot by Brian Boyle.
12:22 of 1st period - Stopped by David LeNeveu without a rebound.
12:23 of 1st period - Alexandre Bolduc wins face-off versus Vladimir Zharkov in Gangsters zone.
12:30 of 1st period - Wrist shot by Chris Bourque.
12:30 of 1st period - Stopped by Josh Harding without a rebound.
12:31 of 1st period - Jake Dowell wins face-off versus Alexandre Bolduc in Inferno zone.
13:03 of 1st period - Slapshot by Dave Steckel.
13:03 of 1st period - Shot Blocked by Derek Meech.
13:05 of 1st period - Slapshot by Alexei Emelin.
13:05 of 1st period - Stopped by Josh Harding without a rebound.
13:06 of 1st period - Jake Dowell wins face-off versus Byron Ritchie in Inferno zone.
13:33 of 1st period - Igor Radulov is hit by Vladimir Sobotka and loses puck.
13:51 of 1st period - Slapshot by Ryan Keller.
13:51 of 1st period - Shot Misses the Net.
13:53 of 1st period - Snap shot by Jim Vandermeer.
13:53 of 1st period - Deflect By Chris Bourque.
13:53 of 1st period - Stopped by Josh Harding without a rebound.
13:54 of 1st period - Alexandre Bolduc wins face-off versus Petri Kontiola in Inferno zone.
14:14 of 1st period - Minor Penalty to Chris Bourque for Hooking.
14:15 of 1st period - Patric Hornqvist wins face-off versus Brian Boyle in Gangsters zone.
14:30 of 1st period - Snap shot by Brian Boyle.
14:30 of 1st period - Goal by Brian Boyle - Gangsters : 1 - Inferno : 2.
14:31 of 1st period - Brian Boyle wins face-off versus Patric Hornqvist in neutral zone.
14:39 of 1st period - Minor Penalty to Jaroslav Balastik for High sticking.
14:40 of 1st period - Brian Boyle wins face-off versus Patric Hornqvist in Gangsters zone.
14:43 of 1st period - Snap shot by Branko Radivojevic.
14:43 of 1st period - Stopped by David LeNeveu with a rebound.
14:45 of 1st period - Wrist shot by Brad Marchand.
14:45 of 1st period - Shot Misses the Net.
14:47 of 1st period - Slapshot by Derek Meech.
14:47 of 1st period - Shot Hit the Post.
16:05 of 1st period - Mike Commodore is hit by Brendan Mikkelson and loses puck.
16:39 of 1st period - Penalty to Jaroslav Balastik is over, Jaroslav Balastik is back on ice.
17:53 of 1st period - Snap shot by Alexandre Bolduc.
17:53 of 1st period - Shot Hit the Post.
18:11 of 1st period - Patric Hornqvist is hit by Derek Meech.
18:34 of 1st period - Icing by Erik Johnson.
18:35 of 1st period - Artem Anisimov wins face-off versus Vladimir Sobotka in Inferno zone.
18:46 of 1st period - Stephane Veilleux is hit by Josh Gorges and loses puck.
19:27 of 1st period - Wrist shot by Jaroslav Balastik.
19:27 of 1st period - Shot Misses the Net.
19:29 of 1st period - Snap shot by Jaroslav Balastik.
19:29 of 1st period - Shot Misses the Net.
19:31 of 1st period - Slapshot by Byron Ritchie.
19:31 of 1st period - Shot Misses the Net.
2nd period
0:01 of 2nd period - Brian Boyle wins face-off versus Byron Ritchie in neutral zone.
0:34 of 2nd period - Minor Penalty to Alexei Emelin for High sticking.
0:35 of 2nd period - Patric Hornqvist wins face-off versus Brian Boyle in Gangsters zone.
1:01 of 2nd period - Wrist shot by Jonathan Ferland.
1:01 of 2nd period - Goal by Jonathan Ferland - Gangsters : 1 - Inferno : 3.
1:02 of 2nd period - Brian Boyle wins face-off versus Byron Ritchie in neutral zone.
1:05 of 2nd period - Alexei Emelin is hit by Erik Johnson and loses puck.
1:58 of 2nd period - Slapshot by Jozef Balej.
1:58 of 2nd period - Shot Hit the Post.
2:32 of 2nd period - Wrist shot by Patric Hornqvist.
2:32 of 2nd period - Shot Misses the Net.
3:12 of 2nd period - Off-side.
3:13 of 2nd period - Stephane Veilleux wins face-off versus Alexandre Bolduc in neutral zone.
4:19 of 2nd period - Josh Gorges is hit by Vladimir Zharkov and loses puck.
4:38 of 2nd period - Slapshot by Josh Gorges.
4:38 of 2nd period - Shot Blocked by Brendan Smith.
4:40 of 2nd period - Slapshot by Staffan Kronwall.
4:40 of 2nd period - Shot Blocked by Jozef Balej.
4:42 of 2nd period - Slapshot by Alexandre Bolduc.
4:42 of 2nd period - Stopped by Josh Harding with a rebound.
4:44 of 2nd period - Slapshot by Staffan Kronwall.
4:44 of 2nd period - Shot Blocked by Stephane Veilleux.
4:46 of 2nd period - Slapshot by Staffan Kronwall.
4:46 of 2nd period - Deflect By Alexandre Bolduc.
4:46 of 2nd period - Shot Misses the Net.
4:46 of 2nd period - Puck is out of play.
4:47 of 2nd period - Brian Boyle wins face-off versus Byron Ritchie in Inferno zone.
4:51 of 2nd period - Off-side.
4:52 of 2nd period - Branko Radivojevic wins face-off versus Byron Ritchie in neutral zone.
5:02 of 2nd period - Snap shot by Erik Johnson.
5:02 of 2nd period - Shot Hit the Post.
5:04 of 2nd period - Snap shot by Brad Marchand.
5:04 of 2nd period - Stopped by David LeNeveu without a rebound.
5:05 of 2nd period - Brian Boyle wins face-off versus Byron Ritchie in Gangsters zone.
5:36 of 2nd period - Snap shot by Kyle Greentree.
5:36 of 2nd period - Stopped by David LeNeveu with a rebound.
5:55 of 2nd period - Off-side.
5:56 of 2nd period - Chris Bourque wins face-off versus Vladimir Sobotka in neutral zone.
6:03 of 2nd period - Slapshot by Ryan Keller.
6:03 of 2nd period - Shot Misses the Net.
6:11 of 2nd period - Snap shot by Stephane Veilleux.
6:11 of 2nd period - Stopped by David LeNeveu with a rebound.
6:23 of 2nd period - Snap shot by Jonathan Ferland.
6:23 of 2nd period - Shot Misses the Net.
6:25 of 2nd period - Wrist shot by Derek Meech.
6:25 of 2nd period - Shot Misses the Net.
6:27 of 2nd period - Slapshot by Derek Meech.
6:27 of 2nd period - Stopped by David LeNeveu with a rebound.
6:29 of 2nd period - Wrist shot by Kyle Greentree.
6:29 of 2nd period - Stopped by David LeNeveu with a rebound.
7:14 of 2nd period - Off-side.
7:15 of 2nd period - Kyle Greentree wins face-off versus Byron Ritchie in neutral zone.
7:20 of 2nd period - Snap shot by Jonathan Ferland.
7:20 of 2nd period - Shot Misses the Net.
7:22 of 2nd period - Slapshot by Brendan Mikkelson.
7:22 of 2nd period - Stopped by David LeNeveu with a rebound.
7:24 of 2nd period - Wrist shot by Petri Kontiola.
7:24 of 2nd period - Stopped by David LeNeveu without a rebound.
7:25 of 2nd period - Byron Ritchie wins face-off versus Petri Kontiola in Gangsters zone.
7:30 of 2nd period - Slapshot by Patric Hornqvist.
7:30 of 2nd period - Stopped by Josh Harding with a rebound.
7:50 of 2nd period - Wrist shot by Jonathan Ferland.
7:50 of 2nd period - Shot Misses the Net.
7:52 of 2nd period - Snap shot by Petri Kontiola.
7:52 of 2nd period - Stopped by David LeNeveu without a rebound.
7:53 of 2nd period - Dave Steckel wins face-off versus Brian Boyle in Gangsters zone.
7:53 of 2nd period - Dave Steckel is hit by Derek Meech.
8:03 of 2nd period - Wrist shot by Branko Radivojevic.
8:03 of 2nd period - Shot Misses the Net.
8:19 of 2nd period - Josh Gorges is hit by Derek Meech and loses puck.
8:46 of 2nd period - Jonathan Ferland is hit by Patric Hornqvist and loses puck.
9:05 of 2nd period - Wrist shot by James Van Riemsdyk.
9:05 of 2nd period - Shot Blocked by Jake Dowell.
9:07 of 2nd period - Snap shot by James Van Riemsdyk.
9:07 of 2nd period - Shot Blocked by Erik Johnson.
9:09 of 2nd period - Slapshot by Jim Vandermeer.
9:09 of 2nd period - Shot Blocked by Derek Meech.
9:27 of 2nd period - Igor Radulov is hit by Derek Meech and loses puck.
9:32 of 2nd period - Snap shot by Brad Marchand.
9:32 of 2nd period - Shot Blocked by Tim Jackman.
9:42 of 2nd period - Vladimir Sobotka is hit by Patric Hornqvist and loses puck.
9:49 of 2nd period - Snap shot by Jaroslav Balastik.
9:49 of 2nd period - Goal by Jaroslav Balastik - Gangsters : 2 - Inferno : 3.
9:50 of 2nd period - Brian Boyle wins face-off versus Byron Ritchie in neutral zone.
10:01 of 2nd period - Brad Marchand is hit by Staffan Kronwall and loses puck.
10:22 of 2nd period - Snap shot by Tim Jackman.
10:22 of 2nd period - Shot Misses the Net.
10:58 of 2nd period - Slapshot by Pierre-Luc Létourneau.
10:58 of 2nd period - Stopped by David LeNeveu without a rebound.
10:59 of 2nd period - James Van Riemsdyk wins face-off versus Jake Dowell in Gangsters zone.
11:14 of 2nd period - Snap shot by Erik Johnson.
11:14 of 2nd period - Deflect By Pierre-Luc Létourneau.
11:14 of 2nd period - Goal by Pierre-Luc Létourneau - Gangsters : 2 - Inferno : 4.
11:15 of 2nd period - Brian Boyle wins face-off versus Byron Ritchie in neutral zone.
11:20 of 2nd period - Slapshot by Andrej Sekera.
11:20 of 2nd period - Deflect By Patric Hornqvist.
11:20 of 2nd period - Stopped by David LeNeveu with a rebound.
11:28 of 2nd period - Slapshot by Byron Ritchie.
11:28 of 2nd period - Shot Misses the Net.
11:30 of 2nd period - Wrist shot by Patric Hornqvist.
11:30 of 2nd period - Goal by Patric Hornqvist - Gangsters : 3 - Inferno : 4.
11:31 of 2nd period - Byron Ritchie wins face-off versus Brian Boyle in neutral zone.
11:43 of 2nd period - Minor Penalty to Brad Marchand for Hooking.
11:44 of 2nd period - Byron Ritchie wins face-off versus Brian Boyle in Inferno zone.
11:47 of 2nd period - Wrist shot by Patric Hornqvist.
11:47 of 2nd period - Stopped by Josh Harding with a rebound.
13:36 of 2nd period - Kyle Greentree is hit by Josh Gorges and loses puck.
13:43 of 2nd period - Penalty to Brad Marchand is over, Brad Marchand is back on ice.
14:23 of 2nd period - Staffan Kronwall is hit by Brendan Smith.
14:54 of 2nd period - Slapshot by Artem Anisimov.
14:54 of 2nd period - Shot Misses the Net.
14:55 of 2nd period - Minor Penalty to Brendan Smith for High sticking.
14:56 of 2nd period - Byron Ritchie wins face-off versus Brian Boyle in Inferno zone.
15:22 of 2nd period - Jonathan Ferland is hit by Jaroslav Balastik and loses puck.
15:42 of 2nd period - Wrist shot by Patric Hornqvist.
15:42 of 2nd period - Stopped by Josh Harding with a rebound.
15:44 of 2nd period - Snap shot by Byron Ritchie.
15:44 of 2nd period - Shot Misses the Net.
15:54 of 2nd period - Slapshot by Byron Ritchie.
15:54 of 2nd period - Shot Misses the Net.
15:56 of 2nd period - Snap shot by Patric Hornqvist.
15:56 of 2nd period - Shot Misses the Net.
15:58 of 2nd period - Slapshot by Jaroslav Balastik.
15:58 of 2nd period - Stopped by Josh Harding with a rebound.
16:00 of 2nd period - Slapshot by Mike Commodore.
16:00 of 2nd period - Shot Misses the Net.
16:02 of 2nd period - Snap shot by Patric Hornqvist.
16:02 of 2nd period - Shot Blocked by Erik Johnson.
16:04 of 2nd period - Slapshot by Patric Hornqvist.
16:04 of 2nd period - Shot Misses the Net.
16:12 of 2nd period - Slapshot by Jaroslav Balastik.
16:12 of 2nd period - Goal by Jaroslav Balastik - Gangsters : 4 - Inferno : 4.
16:13 of 2nd period - Vladimir Sobotka wins face-off versus Dave Steckel in neutral zone.
16:38 of 2nd period - Ryan Keller is hit by Vladimir Zharkov and loses puck.
16:49 of 2nd period - Brendan Smith is hit by Chris Bourque and loses puck.
17:01 of 2nd period - Off-side.
17:02 of 2nd period - Petri Kontiola wins face-off versus Artem Anisimov in neutral zone.
17:28 of 2nd period - Snap shot by Artem Anisimov.
17:28 of 2nd period - Stopped by Josh Harding with a rebound.
17:34 of 2nd period - Slapshot by Stephane Veilleux.
17:34 of 2nd period - Shot Misses the Net.
17:56 of 2nd period - Snap shot by Patric Hornqvist.
17:56 of 2nd period - Deflect By Branko Radivojevic.
17:56 of 2nd period - Stopped by Josh Harding with a rebound.
17:58 of 2nd period - Snap shot by Patric Hornqvist.
17:58 of 2nd period - Deflect By Branko Radivojevic.
17:58 of 2nd period - Shot Blocked by Erik Johnson.
17:58 of 2nd period - Puck is out of play.
17:59 of 2nd period - Vladimir Sobotka wins face-off versus Dave Steckel in Inferno zone.
18:08 of 2nd period - Wrist shot by Jozef Balej.
18:08 of 2nd period - Stopped by David LeNeveu with a rebound.
18:10 of 2nd period - Backhand shot by Jozef Balej.
18:10 of 2nd period - Shot Misses the Net.
18:31 of 2nd period - Wrist shot by Patric Hornqvist.
18:31 of 2nd period - Stopped by Josh Harding with a rebound.
18:33 of 2nd period - Slapshot by Mike Commodore.
18:33 of 2nd period - Shot Blocked by Derek Meech.
18:35 of 2nd period - Slapshot by Jaroslav Balastik.
18:35 of 2nd period - Stopped by Josh Harding with a rebound.
19:11 of 2nd period - Wrist shot by Artem Anisimov.
19:11 of 2nd period - Stopped by Josh Harding without a rebound.
19:12 of 2nd period - Artem Anisimov wins face-off versus Jake Dowell in Inferno zone.
19:13 of 2nd period - Snap shot by James Van Riemsdyk.
19:13 of 2nd period - Goal by James Van Riemsdyk - Gangsters : 5 - Inferno : 4.
19:14 of 2nd period - Jaroslav Balastik wins face-off versus Brian Boyle in neutral zone.
19:16 of 2nd period - Mike Commodore is hit by Branko Radivojevic and loses puck.
19:25 of 2nd period - Backhand shot by Jaroslav Balastik.
19:25 of 2nd period - Shot Misses the Net.
19:27 of 2nd period - Snap shot by Byron Ritchie.
19:27 of 2nd period - Stopped by Josh Harding with a rebound.
19:29 of 2nd period - Snap shot by Jaroslav Balastik.
19:29 of 2nd period - Shot Misses the Net.
19:44 of 2nd period - Minor Penalty to Brian Boyle for Hooking.
19:45 of 2nd period - Byron Ritchie wins face-off versus Stephane Veilleux in Inferno zone.
3rd period
0:01 of 3rd period - Byron Ritchie wins face-off versus Stephane Veilleux in neutral zone.
0:08 of 3rd period - Slapshot by Patric Hornqvist.
0:08 of 3rd period - Shot Misses the Net.
0:10 of 3rd period - Slapshot by Josh Gorges.
0:10 of 3rd period - Shot Misses the Net.
0:12 of 3rd period - Snap shot by Jaroslav Balastik.
0:12 of 3rd period - Stopped by Josh Harding with a rebound.
0:14 of 3rd period - Slapshot by Josh Gorges.
0:14 of 3rd period - Stopped by Josh Harding without a rebound.
0:15 of 3rd period - Byron Ritchie wins face-off versus Stephane Veilleux in Inferno zone.
0:20 of 3rd period - Slapshot by Patric Hornqvist.
0:20 of 3rd period - Stopped by Josh Harding with a rebound.
0:24 of 3rd period - Wrist shot by Patric Hornqvist.
0:24 of 3rd period - Stopped by Josh Harding with a rebound.
0:30 of 3rd period - Snap shot by Jaroslav Balastik.
0:30 of 3rd period - Shot Blocked by Derek Meech.
0:50 of 3rd period - Wrist shot by Dave Steckel.
0:50 of 3rd period - Shot Blocked by Erik Johnson.
1:06 of 3rd period - Byron Ritchie is hit by Vladimir Sobotka and loses puck.
1:44 of 3rd period - Penalty to Brian Boyle is over, Brian Boyle is back on ice.
1:47 of 3rd period - Chris Bourque is hit by Stephane Veilleux and loses puck.
2:01 of 3rd period - Minor Penalty to Jozef Balej for Holding.
2:01 of 3rd period - Minor Penalty to Ryan Keller for High sticking.
2:02 of 3rd period - Brian Boyle wins face-off versus Patric Hornqvist in neutral zone.
2:56 of 3rd period - Dave Steckel is hit by Brendan Mikkelson and loses puck.
3:24 of 3rd period - Staffan Kronwall is hit by Erik Johnson and loses puck.
4:01 of 3rd period - Penalty to Jozef Balej is over, Jozef Balej is back on ice.
4:01 of 3rd period - Penalty to Ryan Keller is over, Ryan Keller is back on ice.
4:03 of 3rd period - Slapshot by Staffan Kronwall.
4:03 of 3rd period - Shot Blocked by Derek Meech.
4:05 of 3rd period - Slapshot by Staffan Kronwall.
4:05 of 3rd period - Shot Blocked by Erik Johnson.
4:07 of 3rd period - Backhand shot by Byron Ritchie.
4:07 of 3rd period - Stopped by Josh Harding without a rebound.
4:08 of 3rd period - Dave Steckel wins face-off versus Petri Kontiola in Inferno zone.
4:13 of 3rd period - Wrist shot by Dave Steckel.
4:13 of 3rd period - Shot Misses the Net.
4:15 of 3rd period - Snap shot by Dave Steckel.
4:15 of 3rd period - Stopped by Josh Harding with a rebound.
4:40 of 3rd period - Snap shot by Vladimir Zharkov.
4:40 of 3rd period - Shot Blocked by Mike Commodore.
4:42 of 3rd period - Snap shot by Pierre-Luc Létourneau.
4:42 of 3rd period - Shot Blocked by Chris Bourque.
4:44 of 3rd period - Snap shot by Pierre-Luc Létourneau.
4:44 of 3rd period - Stopped by David LeNeveu without a rebound.
4:45 of 3rd period - Brian Boyle wins face-off versus Byron Ritchie in Gangsters zone.
4:50 of 3rd period - Wrist shot by Branko Radivojevic.
4:50 of 3rd period - Shot Misses the Net.
4:53 of 3rd period - Minor Penalty to Brad Marchand for Roughing.
4:54 of 3rd period - Brian Boyle wins face-off versus Byron Ritchie in Inferno zone.
5:43 of 3rd period - Patric Hornqvist is hit by Jonathan Ferland and loses puck.
6:17 of 3rd period - Icing by Dave Steckel.
6:18 of 3rd period - Brian Boyle wins face-off versus Dave Steckel in Gangsters zone.
6:53 of 3rd period - Penalty to Brad Marchand is over, Brad Marchand is back on ice.
7:21 of 3rd period - Ryan Jones is hit by Brendan Mikkelson and loses puck.
7:49 of 3rd period - Off-side.
7:50 of 3rd period - Alexandre Bolduc wins face-off versus Petri Kontiola in neutral zone.
7:57 of 3rd period - Slapshot by Chris Bourque.
7:57 of 3rd period - Deflect By Alexandre Bolduc.
7:57 of 3rd period - Stopped by Josh Harding with a rebound.
7:59 of 3rd period - Wrist shot by Alexandre Bolduc.
7:59 of 3rd period - Stopped by Josh Harding with a rebound.
8:01 of 3rd period - Slapshot by Alexei Emelin.
8:01 of 3rd period - Stopped by Josh Harding with a rebound.
8:03 of 3rd period - Snap shot by Chris Bourque.
8:03 of 3rd period - Shot Misses the Net.
8:19 of 3rd period - Snap shot by Erik Johnson.
8:19 of 3rd period - Stopped by David LeNeveu with a rebound.
8:37 of 3rd period - Minor Penalty to Igor Radulov for Roughing.
8:38 of 3rd period - Brian Boyle wins face-off versus Patric Hornqvist in Gangsters zone.
9:58 of 3rd period - Slapshot by Jonathan Ferland.
9:58 of 3rd period - Stopped by David LeNeveu without a rebound.
9:59 of 3rd period - Byron Ritchie wins face-off versus Brian Boyle in Gangsters zone.
10:10 of 3rd period - Brad Marchand is hit by Staffan Kronwall.
10:37 of 3rd period - Penalty to Igor Radulov is over, Igor Radulov is back on ice.
10:54 of 3rd period - Snap shot by Chris Bourque.
10:54 of 3rd period - Shot Misses the Net.
11:18 of 3rd period - Slapshot by Mike Commodore.
11:18 of 3rd period - Shot Blocked by Brendan Smith.
11:40 of 3rd period - Wrist shot by Dave Steckel.
11:40 of 3rd period - Shot Misses the Net.
12:24 of 3rd period - Ville Koistinen is hit by Branko Radivojevic and loses puck.
12:39 of 3rd period - Slapshot by Dave Steckel.
12:39 of 3rd period - Stopped by Josh Harding without a rebound.
12:40 of 3rd period - Petri Kontiola wins face-off versus Dave Steckel in Inferno zone.
12:40 of 3rd period - Petri Kontiola is hit by Tim Jackman.
12:45 of 3rd period - Minor Penalty to Dave Steckel for Tripping.
12:46 of 3rd period - Brian Boyle wins face-off versus Patric Hornqvist in Gangsters zone.
12:57 of 3rd period - Slapshot by Erik Johnson.
12:57 of 3rd period - Deflect By Branko Radivojevic.
12:57 of 3rd period - Stopped by David LeNeveu with a rebound.
13:01 of 3rd period - Wrist shot by Brad Marchand.
13:01 of 3rd period - Shot Hit the Post.
13:41 of 3rd period - Brendan Mikkelson is hit by Patric Hornqvist and loses puck.
14:12 of 3rd period - Mike Commodore is hit by Derek Meech and loses puck.
14:45 of 3rd period - Penalty to Dave Steckel is over, Dave Steckel is back on ice.
15:05 of 3rd period - Dave Steckel is hit by Andrej Sekera and loses puck.
15:18 of 3rd period - Snap shot by Jozef Balej.
15:18 of 3rd period - Shot Blocked by Mike Commodore.
15:20 of 3rd period - Slapshot by Brendan Smith.
15:20 of 3rd period - Deflect By Jozef Balej.
15:20 of 3rd period - Stopped by David LeNeveu with a rebound.
15:22 of 3rd period - Slapshot by Brendan Smith.
15:22 of 3rd period - Shot Blocked by Alexei Emelin.
15:26 of 3rd period - Snap shot by Stephane Veilleux.
15:26 of 3rd period - Shot Misses the Net.
16:55 of 3rd period - Josh Gorges is hit by Vladimir Sobotka and loses puck.
17:08 of 3rd period - Snap shot by Branko Radivojevic.
17:08 of 3rd period - Stopped by David LeNeveu with a rebound.
17:37 of 3rd period - Jonathan Ferland is hit by Staffan Kronwall and loses puck.
17:48 of 3rd period - Josh Gorges is hit by Brad Marchand and loses puck.
18:38 of 3rd period - Icing by Staffan Kronwall.
18:39 of 3rd period - Dave Steckel wins face-off versus Stephane Veilleux in Gangsters zone.
18:50 of 3rd period - Slapshot by Stephane Veilleux.
18:50 of 3rd period - Shot Misses the Net.
18:52 of 3rd period - Slapshot by Brendan Smith.
18:52 of 3rd period - Shot Blocked by Staffan Kronwall.
18:54 of 3rd period - Slapshot by Brendan Smith.
18:54 of 3rd period - Shot Misses the Net.
19:04 of 3rd period - Josh Gorges is hit by Brian Boyle and loses puck.
19:49 of 3rd period - Wrist shot by Byron Ritchie.
19:49 of 3rd period - Goal by Byron Ritchie - Gangsters : 6 - Inferno : 4.
19:50 of 3rd period - Ryan Keller wins face-off versus Brian Boyle in neutral zone.
Output by the SimonT Hockey Simulator (STHS) for François Prévost -- Original Page W3C XHTML 1.0 Valid